 Dungeon Crawl Stone Soup version 0.22.1-1-ga44c0e56f4 (webtiles) character file.

198 Cykl0x the Chopper (level 5, 0/41 HPs)
             Began as a Demonspawn Fighter on Sept 28, 2018.
             Slain by Crazy Yiuf
             ... wielding a +4 quarterstaff of chaos
              (2 damage)
             ... while paralysed by Crazy Yiuf
             ... on level 3 of the Dungeon.
             The game lasted 00:13:53 (2307 turns).

Cykl0x the Chopper (Demonspawn Fighter)             Turns: 2307, Time: 00:13:54

Health: 0/41       AC:  8    Str: 18    XL:     5   Next: 47%
Magic:  1/5        EV:  2    Int:  9    God:
Gold:   166        SH:  0    Dex: 12    Spells: 4/4 levels left

rFire    . . .     SeeInvis .   a - +0 war axe
rCold    . . .     Gourm    .   c - +0 shield
rNeg     . . .     Faith    .   m - +0 scale mail
rPois    .         Spirit   .   (helmet restricted)
rElec    .         Reflect  .   (no cloak)
rCorr    .         Harm     .   (no gloves)
MR       .....                  p - +0 pair of boots
Stlth    ..........             (no amulet)
HPRegen  1.13/turn              n - ring of flight
MPRegen  0.09/turn              (no ring)

@: paralysed, lethally poisoned (0 -> 0)
A: hooves 1, horns 1, powered by death 1, screaming 1
a: Evoke Flight


You were on level 3 of the Dungeon.
You were not hungry.

You visited 1 branch of the dungeon, and saw 3 of its levels.

You collected 166 gold pieces.

Inventory:

Hand Weapons
 a - a +0 war axe (weapon)
Missiles
 q - 3 tomahawks (quivered)
Armour
 c - a +0 shield (worn)
 m - a +0 scale mail (worn)
 p - a +0 pair of boots (worn)
Jewellery
 n - a ring of flight (left hand)
Wands
 k - a wand of random effects (29)
Scrolls
 g - 2 scrolls of remove curse
 r - 2 scrolls of teleportation
 s - a scroll of identify
Potions
 b - a potion of cancellation {unknown}
 d - a potion of might
 e - a potion of flight {unknown}
 h - 5 potions of heal wounds
 i - a potion of degeneration {unknown}
 j - 3 potions of curing {unknown}
 l - a potion of brilliance {unknown}
 o - a potion of berserk rage {unknown}
Comestibles
 f - 6 rations


   Skills:
 + Level 3.6 Fighting
 + Level 4.0 Axes
 + Level 3.4 Armour
 + Level 0.2 Dodging
 + Level 3.1 Shields


You had 4 spell levels left.
You didn't know any spells.
Your spell library contained the following spells:

 Spells                   Type           Power        Failure   Level  Hunger
 Animate Skeleton         Necr           N/A          99%         1    ##.....
 Apportation              Tloc           #.....       99%         1    ##.....
 Confusing Touch          Hex            #.....       99%         1    ##.....
 Summon Small Mammal      Summ           #...         99%         1    ##.....


Dungeon Overview and Level Annotations

Branches:
Dungeon (3/15)

Altars:
Xom
Yredelemnul
The Shining One

Annotations:
D:3 Crazy Yiuf, Robin


Innate Abilities, Weirdness & Mutations

You have large cloven feet.
You regenerate a little health from kills.
You have a pair of small horns on your head.
You occasionally shout uncontrollably at your foes.


Message History

The goblin hits you but does no damage. Robin hits you but does no damage.
Crazy Yiuf hits you but does no damage.
You are poisoned.
You feel sick. The goblin hits you but does no damage.
Robin hits you but does no damage.
Crazy Yiuf hits you with a quarterstaff of chaos!
* * * LOW HITPOINT WARNING * * *
You feel your power leaking away.
You feel sick. The goblin hits you but does no damage.
Robin hits you but does no damage.
You feel sick.
Crazy Yiuf flaps his cloak.
Crazy Yiuf hits you but does no damage. The goblin hits you but does no damage.
Robin hits you but does no damage.
You feel sick.
The hobgoblin no longer looks unusually strong.
Crazy Yiuf hits you with a quarterstaff of chaos.
* * * LOW HITPOINT WARNING * * *
Crazy Yiuf freezes you.
You die...

#############.#############
#.............#
#.###########.# ### #.#
#.## #######..# ########
### ###.#....#.# #......#
#..g##g.#.......# #.######
#..gg@####......# #.#
#).g### ##....## #.# ###
###### ###.# †...# #####


You could see Crazy Yiuf, Robin, 2 hobgoblins and a goblin.

Vanquished Creatures
  An orc wizard (D:3)
  Jessica (D:3)
  Terence (D:2)
  4 adders
  A worm (D:2)
  2 dart slugs (D:2)
  4 leopard geckos
  5 orcs (D:3)
  8 bats
  A giant cockroach (D:1)
  2 gnoll zombies (D:3)
  9 goblins
  7 hobgoblins
  3 jackals (D:3)
  2 quokkas (D:2)
  3 frilled lizards
  7 kobolds
  5 rats
66 creatures vanquished.

Notes
Turn   | Place    | Note
-------+----------+-------------------------------------------
     0 | D:1      | Cykl0x the Demonspawn Fighter began the quest for the Orb.
     0 | D:1      | Reached XP level 1. HP: 18/18 MP: 1/1
   265 | D:1      | Gained mutation: You have large cloven feet. [demonic
                  | ancestry]
   265 | D:1      | Reached XP level 2. HP: 24/24 MP: 2/2
   324 | D:1      | Reached skill level 2 in Axes
   739 | D:2      | Reached XP level 3. HP: 27/29 MP: 3/3
   792 | D:2      | Found a glowing golden altar of the Shining One.
  1032 | D:2      | Gained mutation: You are somewhat resistant to further
                  | mutation. [potion of mutation]
  1032 | D:2      | Gained mutation: You expend magic power (3 MP) to
                  | strengthen your wands. [potion of mutation]
  1098 | D:2      | Lost mutation: You expend magic power (3 MP) to strengthen
                  | your wands. [potion of mutation]
  1098 | D:2      | Lost mutation: You are somewhat resistant to further
                  | mutation. [potion of mutation]
  1098 | D:2      | Gained mutation: You occasionally shout uncontrollably at
                  | your foes. [potion of mutation]
  1098 | D:2      | Gained mutation: You have a pair of small horns on your
                  | head. [potion of mutation]
  1339 | D:2      | Noticed Terence
  1349 | D:2      | Killed Terence
  1349 | D:2      | Reached skill level 3 in Axes
  1349 | D:2      | Gained mutation: You regenerate a little health from kills.
                  | [demonic ancestry]
  1349 | D:2      | Reached XP level 4. HP: 32/35 MP: 4/4
  1589 | D:3      | Found a burning altar of Makhleb.
  1589 | D:3      | Noticed Jessica
  1594 | D:3      | Killed Jessica
  1610 | D:3      | Reached XP level 5. HP: 36/41 MP: 5/5
  1613 | D:3      | Found a sacrificial altar of Ru.
  1613 | D:3      | Found a burning altar of Makhleb.
  1620 | D:3      | Found a hide-covered altar of Uskayaw.
  1620 | D:3      | Found a shimmering altar of Xom.
  1620 | D:3      | Found a blossoming altar of Fedhas.
  1936 | D:3      | Found a basalt altar of Yredelemnul.
  2290 | D:3      | Found a runed door.
  2294 | D:3      | Noticed Crazy Yiuf
  2294 | D:3      | Noticed Robin
  2301 | D:3      | Reached skill level 4 in Axes
  2302 | D:3      | Paralysed by Crazy Yiuf for 6 turns
  2307 | D:3      | HP: 2/41 [Crazy Yiuf/quarterstaff of chaos (4)]
  2307 | D:3      | Slain by Crazy Yiuf

Skill      XL: |  1  2  3  4  5 |
---------------+----------------+-----
Axes           | 2 3 4 |  4.0
Shields        | 3 |  3.1
Armour         | 3 |  3.4
Fighting       | |  3.6
Dodging        | |  0.2

Action                   |  1- 3 |  4- 6 || total
-------------------------+-------+-------++-------
Melee: War axe           |    92 |    97 ||   189
       Kick              |    14 |     5 ||    19
       Headbutt          |     1 |    11 ||    12
  Use: Scroll            |     6 |     2 ||     8
       Potion            |     2 |       ||     2
  Eat: Ration            |     1 |       ||     1
       Chunk             |       |     1 ||     1
Armor: Scale mail        |    51 |    64 ||   115
Dodge: Dodged            |    22 |    29 ||    51
Block: Shield            |    58 |    56 ||   114
